 Dungeon Crawl Stone Soup version 0.27.0-1-g7a089689b8 (webtiles) character file.

Game seed: 14507286483473767248

4 H0rd4k the Caller (level 1, -1/13 HPs)
             Began as a Barachi Summoner on Aug 5, 2021.
             Slain by a jackal (3 damage)
             ... on level 1 of the Dungeon.
             The game lasted 00:01:00 (232 turns).

H0rd4k the Caller (Barachi Summoner)                 Turns: 232, Time: 00:01:00

Health: -1/13      AC:  2    Str:  9    XL:     1   Next: 60%
Magic:  8/12       EV: 12    Int: 15    God:
Gold:   0          SH:  0    Dex: 12    Spells: 3/4 levels left

rFire    . . .     SeeInvis .   (no weapon)
rCold    . . .     Faith    .   (no shield)
rNeg     . . .     Spirit   .   a - +0 robe
rPois    .         Reflect  .   (no helmet)
rElec    .         Harm     .   (no cloak)
rCorr    .         Rampage  .   (no gloves)
Will     .....                  (no boots)
Stlth    ++........             (no amulet)
HPRegen  0.04/turn              b - ring of magical power
MPRegen  0.13/turn              (no ring)

@: slow
A: amphibious, slowness 1, strong legs 1, +LOS
a: Hop


You were on level 1 of the Dungeon.
You visited 1 branch of the dungeon, and saw 1 of its levels.

Inventory:

Armour
 a - a +0 robe (worn)
Jewellery
 b - a ring of magical power (left hand)


   Skills:
 + Level 2.1 Dodging
 - Level 1.7 Stealth
 * Level 2.2 Spellcasting
 * Level 5.0 Summonings


You had 3 spell levels left.
You knew the following spells:

 Your Spells              Type           Power      Damage    Failure   Level
a - Summon Small Mammal   Summ           64%        N/A       2%          1

Your spell library contained the following spells:

 Spells                   Type           Power      Damage    Failure   Level
 Call Imp                 Summ           16%        N/A       4%          2
 Call Canine Familiar     Summ           16%        N/A       9%          3
 Summon Guardian Golem    Hex/Summ       9%         N/A       22%         3
 Summon Lightning Spire   Summ/Air       9%         N/A       58%         4


Dungeon Overview and Level Annotations

Branches:
Dungeon (1/15)

Altars:


Innate Abilities, Weirdness & Mutations

You are amphibious.
You cover ground slowly.
You can hop short distances.
You have an extended range of vision and can be seen from far away.


Message History

The jackal closely misses your quokka. The endoplasm misses your quokka.
The jackal closely misses you.
You completely miss the jackal.
The jackal is heavily wounded.
The jackal barely misses your quokka. The jackal bites you.
* * * LOW HITPOINT WARNING * * *
The endoplasm misses your quokka. The jackal closely misses your quokka.
The jackal barely misses you.
You are too injured to fight recklessly!
Unknown command.
You closely miss the jackal.
The jackal is heavily wounded.
The endoplasm closely misses your quokka.
The jackal stops to sniff the ground.
The jackal barely misses your quokka.
The jackal bites you but does no damage.
You hit the jackal but do no damage.
The jackal is heavily wounded.
The jackal barely misses your quokka. The jackal misses you.
The endoplasm closely misses your quokka.
You hit the jackal but do no damage.
The jackal is heavily wounded.
The jackal closely misses your quokka. The jackal barely misses you.
The endoplasm misses your quokka. The jackal closely misses your quokka.
The jackal closely misses you.
You hit the jackal but do no damage.
The jackal is moderately wounded.
The jackal barely misses your quokka.
The endoplasm hits your quokka but does no damage.
The jackal bites you.
* * * LOW HITPOINT WARNING * * *
You barely miss the jackal.
The jackal is moderately wounded.
The jackal bites your quokka.
The jackal bites you but does no damage.
The endoplasm hits your quokka.
Your quokka dies!
Your quokka's corpse disappears in a puff of smoke!
The jackal bites you.
You die...

...J ..b. #)r #.r
#$# ###### ##.##
##....# ....#
##..#†J# ##..#
####J.##h##
.r..#####r§h.###@#
###.#.....######h#
....h..........#.#
...##§..§§..##...#
.....§.§§≈≈....###
b....§§§§≈≈§...#
......≈§><§§...##
......§§≈≈§≈....##
.####..≈≈≈≈......#


You could see an endoplasm and 2 jackals.

Vanquished Creatures (collateral kills)
  A bat (D:1)
  2 endoplasms (D:1)
  A goblin (D:1)
  A hobgoblin (D:1)
  A jackal (D:1)
6 creatures vanquished.

Notes
Turn   | Place    | Note
-------+----------+-------------------------------------------
     0 | D:1      | H0rd4k the Barachi Summoner began the quest for the Orb.
     0 | D:1      | Reached XP level 1. HP: 13/13 MP: 3/3
   200 | D:1      | Reached skill level 5 in Summonings
   232 | D:1      | Slain by a jackal

Illustrated notes

Levels and vault maps discovered:
D:1:      dpeg_arrival_pits, layout_rooms, chequers_ecumenical_altar_simple,
          corexii_item_surrounded_by_moat

Skill      XL: |  1 |
---------------+----+-----
Summonings     | 5 |  5.0
Dodging        | |  2.1
Stealth        | |  1.7
Spellcasting   | |  2.2

Action                   || total
-------------------------++-------
Melee: Unarmed           ||    11
 Cast: Summon Small Mamm ||    17
Armor: Robe              ||     2
Dodge: Dodged            ||    11
